 Dungeon Crawl Stone Soup version 0.29-a0-284-gf9362112df (webtiles) character file.

Game seed: 807463773251034442

2 siradein the Grave Robber (level 1, -3/14 HPs)
             Began as a Draconian Necromancer on Mar 31, 2022.
             Succumbed to a goblin's poison
             ... on level 1 of the Dungeon.
             The game lasted 00:00:19 (52 turns).

siradein the Grave Robber (Draconian Necromancer)     Turns: 52, Time: 00:00:20

Health: -3/14      AC:  4    Str: 10    XL:     1   Next: 33%
Magic:  0/3        EV: 12    Int: 15    God:
Gold:   7          SH:  0    Dex: 11    Spells: 3/4 levels left

rFire   . . .      SeeInvis .   (no weapon)
rCold   . . .      Faith    .   (no shield)
rNeg    . . .      Spirit   .   (body armour unavailable)
rPois   .          Reflect  .   (helmet restricted)
rElec   .          Harm     .   (no cloak)
rCorr   .          Rampage  .   (no gloves)
Will    .....                   (no boots)
Stlth   ++........              (no amulet)
HPRegen 0.04/turn               (no ring)
MPRegen 0.08/turn               (no ring)

@: lethally poisoned (-3 -> -22)
A: AC +4, unfitting armour, cold-blooded
a: no special abilities


You were on level 1 of the Dungeon.
You visited 1 branch of the dungeon, and saw 1 of its levels.

You collected 7 gold pieces.

Inventory:

Scrolls
 b - a scroll of teleportation {unknown}
Potions
 a - a potion of magic
 c - a potion of curing {unknown}


   Skills:
 + Level 0.2 Fighting
 + Level 1.8 Dodging
 - Level 1.7 Stealth
 + Level 2.0 Spellcasting
 + Level 4.0 Necromancy


You had 3 spell levels left.
You knew the following spells:

 Your Spells              Type           Power      Damage    Failure   Level
a - Pain                  Necr           52%        1d6       4%          1

Your spell library contained the following spells:

 Spells                   Type           Power      Damage    Failure   Level
 Animate Skeleton         Necr           26%        N/A       4%          1
 Vampiric Draining        Necr           13%        2d6       13%         3
 Animate Dead             Necr           6%         N/A       38%         4
 Agony                    Necr           13%        N/A       75%         5


Dungeon Overview and Level Annotations

Branches:
Dungeon (1/15)

Altars:


Innate Abilities, Weirdness & Mutations

Your plain brown scales are hard. (AC +4)
You cannot fit into any form of body armour.
You are cold-blooded and may be slowed by cold attacks.


Message History

You see here a scroll labelled VIGIM ZOUREO.
A hobgoblin is nearby!
A hobgoblin is nearby!
A hobgoblin is nearby!
Found a ring mail.
A frilled lizard comes into view.
A goblin comes into view. It is wielding a +1 dagger of venom.
The goblin shouts!
You hear a shout!
The hobgoblin misses you.
You barely miss the hobgoblin. The hobgoblin barely misses you.
You hit the hobgoblin but do no damage.
The hobgoblin hits you but does no damage.
You hit the hobgoblin but do no damage. The hobgoblin barely misses you.
The hobgoblin writhes in agony.
The hobgoblin barely misses you.
The hobgoblin writhes in agony.
You kill the hobgoblin!
The goblin writhes in agony.
A frilled lizard comes into view.
The goblin misses you.
You are too depleted to draw on your mana recklessly!
You are too depleted to draw on your mana recklessly!
You miss the goblin.
The goblin is moderately wounded.
The goblin hits you with a +1 dagger of venom.
You are too injured to fight recklessly!
You are too injured to fight recklessly!
You are too injured to fight recklessly!
The goblin attacks as you move away! The goblin hits you but does no damage.
You are lethally poisoned!
You feel very sick.
* * * LOW HITPOINT WARNING * * *
You feel sick.
You closely miss the goblin.
The goblin is moderately wounded.
* * * LOW HITPOINT WARNING * * *
You feel sick. The goblin hits you but does no damage.
You are more poisoned.
You barely miss the goblin. You tail-slap the goblin.
You kill the goblin!
You die...

#######
#.....##############
#...................
#.....###.††........
+.?.......##'###+##
#..l)@....#...#...#
#.....###.#...#≈.≈#
......l#+#+#....#...#≈.≈#
≈ ....... ....#...#≈.≈#
≈≈ .......
.##.#...#≈.≈#≈≈. .......
..#.#...#≈.≈#≈.. ..l####
###.#...#...#... ..[
#........... ..
#...........


You could see 2 frilled lizards.

Vanquished Creatures
  A goblin (D:1)
  A hobgoblin (D:1)
  A frilled lizard (D:1)
  A rat (D:1)
4 creatures vanquished.

Notes
Turn   | Place    | Note
-------+----------+-------------------------------------------
     0 | D:1      | siradein the Draconian Necromancer began the quest for the
                  | Orb.
     0 | D:1      | Reached XP level 1. HP: 14/14 MP: 3/3
    52 | D:1      | Succumbed to a goblin's poison

Illustrated notes

Levels and vault maps discovered:
D:1:      lightli_arrival_quake, layout_basic

Action                   || total
-------------------------++-------
Melee: Unarmed           ||    14
       Tailslap          ||     3
 Cast: Pain              ||     3
Armor: Skin              ||     6
Dodge: Dodged            ||     9

Table legend: (Time is in decaauts)
 A = Elapsed time spent in this place.
 B = Non-inter-level travel time spent in this place.
 C = Inter-level travel time spent in this place.
 D = Time resting spent in this place.
 E = Time spent auto-exploring this place.
 F = Levels seen in this place.
 G = Mean time per level.
                   A        B        C        D        E       F      G
               +--------+--------+--------+--------+--------+-----+--------+
         Total |     52 |     52 |      0 |      0 |     24 |   1 |   52.0 |
       Dungeon |     52 |     52 |      0 |      0 |     24 |   1 |   52.0 |
               +--------+--------+--------+--------+--------+-----+--------+

Top non-repeatable levels by time:
     D:1: 52 daAuts
